Map: Frozen Temple

Players

Pokebunny

  • Race: Terran Terran
  • League: Grandmaster

Kelazhur - Winner!

  • Race: Terran Terran
  • League: Master

VOD

Have the link to the VOD?

Description

Time

  • Played on: April 7, 2016, 9:41 p.m.
  • Length: 9:08
Show
View Real Time Build Order
Export as new Build Order

Pokebunny Terran 

Build Orders:  

Get SALT Encoding   

  12  0:00  SCV  
  13  0:13  SCV  
  14  0:19  Supply Depot  
  14  0:25  SCV  
  15  0:31  Refinery  
  15  0:40  SCV  
  16  0:44  Barracks  
  16  0:53  SCV  
  17  1:05  SCV  
  18  1:17  Refinery, SCV  
  19  1:32  Orbital Command, Marine  
  19  1:33  Factory  
  20  1:42  Supply Depot  
  20  1:50  Marine  
  21  2:08  Marine  
  21  2:17  Hellion  
  22  2:26  Marine  
  22  2:32  SCV  
  19  2:40  Hellion  
  19  2:44  Marine  
  20  2:58  SCV  
  21  3:00  Starport  
  21  3:01  Hellion  
  21  3:02  Marine  
  24  3:07  Supply Depot  
  24  3:11  SCV  
  25  3:20  Marine  
  25  3:25  Hellion  
  28  3:37  Supply Depot  
  28  3:38  Marine  
  31  3:49  Factory Tech Lab  
  29  3:56  Marine  
  28  4:04  Medivac  
  28  4:05  Supply Depot  
  28  4:15  Siege Tank, Marine  
  19  4:33  Marine  
  9  4:59  Siege Tank  
  12  5:13  Marine  
  12  5:25  SCV  
  13  5:36  Marine  
  13  5:38  SCV  
  15  5:51  SCV  
  15  5:54  Marine  
  17  6:03  SCV  
  18  6:14  Marine  
  18  6:16  SCV  
  20  6:30  SCV  
  20  6:42  SCV  
  20  6:46  Marine  
  22  6:55  SCV  
  23  7:04  Marine  
  23  7:05  Siege Tank  
  27  7:10  SCV  
  28  7:22  Marine  
  29  7:38  SCV  
  29  7:40  Marine  
  31  7:50  SCV  
  32  7:51  Siege Tank  
  32  7:57  Marine  
  33  8:23  SCV  
  33  8:25  Marine  
  34  8:38  Medivac  
  34  8:39  SCV  
  37  8:42  Marine  
  38  8:51  SCV  
Show
View Real Time Build Order
Export as new Build Order

Kelazhur Terran - Winner!

Build Orders:  

Get SALT Encoding   

  12  0:09  Supply Depot  
  12  0:16  SCV  
  13  0:34  Barracks  
  13  0:38  Refinery  
  13  0:57  SCV  
  13  0:58  Barracks  
  15  1:21  Barracks  
  15  1:22  Reaper  
  15  1:33  Refinery  
  15  1:46  Reaper  
  16  1:59  Reaper  
  16  2:12  Reaper  
  17  2:16  SCV  
  18  2:27  Reaper  
  18  2:28  SCV  
  20  2:36  Reaper  
  21  2:40  SCV  
  20  2:53  Orbital Command  
  20  2:57  Reaper  
  21  3:05  Supply Depot  
  21  3:11  Reaper  
  22  3:26  Reaper  
  23  3:29  Reaper, SCV  
  25  3:43  Reaper  
  26  3:53  SCV  
  27  4:01  Reaper  
  27  4:05  Supply Depot, SCV  
  26  4:15  Reaper  
  26  4:17  SCV  
  26  4:22  Supply Depot  
  26  4:33  Reaper  
  26  4:47  Reaper  
  26  4:48  SCV  
  26  4:50  Factory  
  26  5:05  Reaper  
  27  5:08  SCV  
  28  5:19  Reaper  
  28  5:20  SCV  
  30  5:28  Command Center  
  29  5:36  Factory Tech Lab  
  29  5:38  SCV  
  29  5:39  Starport  
  30  5:46  Barracks  
  30  5:50  SCV  
  30  5:56  Cyclone  
  34  6:02  SCV  
  35  6:15  Viking, SCV  
  38  6:27  SCV  
  39  6:39  SCV  
  40  6:44  Siege Tank, Orbital Command  
  42  6:49  Barracks Reactor  
  42  6:50  Viking  
  43  6:58  SCV  
  44  7:05  Barracks Tech Lab  
  44  7:09  Engineering Bay  
  44  7:18  SCV  
  45  7:34  Orbital Command, Marine x2  
  47  7:38  Viking, Barracks Reactor  
  47  7:39  Siege Tank  
  47  7:43  SCV  
  53  7:50  Refinery, Command Center  
  53  7:51  Refinery, Marine  
  53  7:52  Marine  
  53  7:55  SCV  
  56  8:00  SCV  
  56  8:01  Marine  
  58  8:07  SCV  
  58  8:09  Marine  
  58  8:10  Marine  
  61  8:17  SCV  
  62  8:21  Marine  
  62  8:22  SCV  
  62  8:31  Starport Reactor  
  62  8:35  Marine x4, Supply Depot, SCV x2  
  68  8:45  Marine  
  68  8:47  SCV  
  70  8:56  SCV  
  70  8:57  Supply Depot  
Tags
 
Add a new tag
Caveats
  • Supply blocks, unpowered buildings, or Contaminate may cause inaccurate times.
  • Supply counts are checked every 10 seconds.